Map: Acid Plant LE

Players

Namshar - Winner!

  • Race: Zerg Zerg
  • Spawn Location: 5:00

LiquidTLO (TLO)

  • Race: Zerg Zerg
  • Spawn Location: 11:00

Event: WCS Montreal 2018

VOD

Have the link to the VOD?

Description

Time

  • Played on: Sept. 7, 2018, 3:38 p.m.
  • Length: 13:11

All games in this series

Show
View Real Time Build Order
Export as new Build Order

Namshar Zerg - Winner!

Build Orders: Hatch First, Roach Hydra 

Get SALT Encoding   

  12  0:00  Drone  
  13  0:12  Overlord  
  13  0:17  Drone  
  14  0:30  Drone x2  
  16  0:47  Hatchery  
  15  0:51  Drone  
  15  0:54  Drone  
  17  0:57  Drone  
  18  1:08  Extractor  
  17  1:14  Spawning Pool  
  17  1:16  Drone  
  17  1:19  Drone  
  18  1:28  Drone  
  19  1:39  Drone  
  20  1:49  Drone  
  21  1:59  Drone  
  21  2:01  Queen x2  
  24  2:02  Overlord  
  24  2:07  Metabolic Boost  
  26  2:10  Drone  
  26  2:12  Drone  
  28  2:22  Drone x2  
  30  2:32  Drone  
  30  2:33  Drone  
  30  2:37  Hatchery  
  31  2:47  Baneling Nest  
  31  2:48  Overlord  
  31  2:49  Drone  
  31  2:54  Drone x2  
  33  3:05  Drone x2, Queen  
  37  3:13  Drone, Zergling x2  
  37  3:14  Zergling x4  
  37  3:15  Zergling x2  
  37  3:19  Overlord  
  42  3:23  Overlord  
  42  3:26  Zergling x2  
  43  3:31  Evolution Chamber, Zergling x2  
  43  3:32  Zergling x2  
  44  3:39  Zergling x2  
  44  3:40  Drone x3  
  48  3:44  Drone x3  
  48  3:46  Drone  
  52  3:49  Baneling  
  52  3:50  Baneling  
  52  3:51  Drone  
  52  3:55  Drone x2  
  54  4:06  Roach Warren  
  50  4:10  Zergling x2  
  50  4:11  Zergling x4  
  50  4:13  Baneling x2  
  50  4:14  Zerg Missile Weapons Level 1  
  53  4:17  Extractor  
  53  4:18  Extractor  
  53  4:20  Zergling x2  
  53  4:21  Zergling x4  
  53  4:22  Drone x2  
  53  4:23  Overlord  
  56  4:24  Drone  
  56  4:28  Drone x3  
  60  4:31  Drone x2  
  60  4:38  Overlord  
  60  4:39  Overlord  
  60  4:42  Drone  
  61  4:46  Drone  
  61  4:47  Drone x5  
  65  4:54  Drone x3  
  68  5:03  Lair  
  68  5:06  Drone  
  65  5:07  Extractor x2, Drone x5  
  65  5:11  Zergling x2  
  65  5:12  Zergling x2  
  65  5:14  Pneumatized Carapace  
  69  5:17  Zergling x2  
  70  5:24  Drone  
  70  5:25  Extractor  
  70  5:28  Zergling x4  
  72  5:35  Zergling x14  
  77  5:42  Roach x4  
  83  5:51  Drone  
  83  5:52  Drone  
  83  5:54  Evolution Chamber  
  84  5:59  Drone  
  84  6:00  Drone  
  86  6:05  Glial Reconstitution  
  86  6:07  Drone  
  86  6:08  Drone x3  
  86  6:10  Baneling x2  
  90  6:11  Overlord x3  
  88  6:22  Roach  
  88  6:23  Roach  
  87  6:25  Hatchery  
  87  6:31  Drone x2  
  87  6:32  Drone x3  
  87  6:37  Overlord  
  87  6:38  Zerg Ground Armor Level 1, Zerg Missile Weapons Level 2  
  86  6:40  Roach x7  
  86  6:41  Overseer  
  100  6:47  Roach  
  100  6:48  Roach  
  104  6:55  Overlord x2  
  104  6:59  Roach x4  
  112  7:04  Ravager  
  112  7:06  Roach  
  112  7:07  Roach x3  
  121  7:11  Drone  
  121  7:12  Hydralisk Den  
  121  7:15  Roach x4  
  129  7:25  Overlord x2  
  129  7:26  Overlord  
  129  7:30  Roach x4  
  135  7:37  Roach x3  
  135  7:38  Roach x2  
  135  7:43  Roach  
  135  7:44  Roach x3  
  149  7:49  Roach x4  
  143  7:57  Roach x4  
  143  8:00  Roach x3  
  143  8:04  Grooved Spines  
  143  8:05  Drone  
  143  8:06  Lurker Den  
  143  8:11  Roach  
  143  8:12  Roach x2  
  143  8:16  Queen  
  143  8:19  Ravager x2  
  145  8:20  Roach x3  
  145  8:24  Ravager  
  145  8:27  Ravager, Overlord x2  
  153  8:29  Overlord  
  153  8:39  Hydralisk x6  
  165  8:41  Hydralisk  
  165  8:45  Overlord  
  165  8:47  Overlord  
  165  9:05  Hydralisk x3  
  165  9:06  Roach x6  
  180  9:12  Hydralisk x2, Spore Crawler  
  180  9:13  Roach  
  180  9:16  Muscular Augments  
  179  9:19  Drone x2  
  179  9:20  Drone x2, Spore Crawler  
  186  9:24  Roach x2  
  186  9:29  Queen  
  188  9:31  Overlord  
  192  9:38  Roach x2  
  192  9:44  Spore Crawler  
  191  10:03  Overseer  
  191  10:04  Overseer  
  189  10:10  Hydralisk x4  
  187  10:15  Hydralisk  
  187  10:16  Roach  
  186  10:27  Hydralisk  
  183  10:29  Overlord  
  183  10:30  Overlord x3  
  183  10:33  Zerg Ground Armor Level 2  
  177  10:49  Hydralisk  
  175  10:50  Roach x11  
  181  10:59  Overseer x2  
  181  11:00  Queen  
  177  11:04  Hydralisk  
  177  11:05  Roach x8  
  177  11:06  Roach x3  
  197  11:11  Hydralisk  
  199  11:20  Hydralisk  
  188  11:27  Hydralisk, Roach  
  188  11:28  Roach x8  
  193  11:33  Hydralisk, Roach  
  193  11:34  Roach x2  
  193  11:36  Queen  
  199  11:49  Infestation Pit  
  196  12:18  Roach x5  
  196  12:19  Roach x3  
  198  12:29  Roach x4  
  178  12:48  Roach x2  
  178  12:49  Roach  
Show
View Real Time Build Order
Export as new Build Order

LiquidTLO Zerg 

Build Orders: 3 Hatch before Pool, Zergling Baneling 

Get SALT Encoding   

  12  0:00  Drone  
  13  0:07  Drone  
  14  0:17  Overlord  
  14  0:36  Drone x3  
  17  0:51  Hatchery  
  17  0:55  Drone  
  17  0:59  Drone  
  18  1:20  Hatchery  
  18  1:22  Drone  
  18  1:25  Drone  
  18  1:30  Drone  
  20  1:33  Extractor  
  19  1:43  Spawning Pool  
  19  1:46  Drone  
  19  1:51  Drone  
  20  2:02  Drone  
  20  2:03  Drone  
  22  2:13  Drone  
  22  2:14  Drone  
  24  2:27  Drone x2  
  26  2:30  Queen  
  26  2:31  Queen  
  26  2:33  Metabolic Boost  
  26  2:35  Drone  
  31  2:37  Drone  
  31  2:42  Drone  
  33  2:45  Overlord  
  33  2:48  Drone  
  34  2:53  Extractor  
  34  2:54  Drone  
  35  3:03  Baneling Nest  
  35  3:04  Overlord  
  35  3:05  Queen  
  36  3:07  Drone  
  36  3:09  Zergling x2  
  36  3:12  Drone  
  39  3:15  Overlord  
  39  3:20  Drone  
  39  3:25  Zergling x4  
  39  3:26  Drone x2  
  44  3:28  Drone  
  44  3:30  Zergling x2  
  46  3:36  Drone  
  46  3:39  Drone  
  46  3:40  Zergling x10  
  53  3:45  Zergling x2  
  53  3:46  Evolution Chamber  
  53  3:47  Baneling x2  
  53  3:51  Drone  
  53  3:52  Baneling x2, Overlord  
  53  3:55  Drone  
  54  3:59  Drone  
  54  4:01  Drone  
  55  4:02  Drone  
  55  4:08  Drone  
  50  4:10  Drone x2  
  50  4:11  Drone  
  50  4:12  Baneling x2  
  50  4:16  Drone x2  
  55  4:19  Drone x4  
  55  4:20  Drone  
  55  4:22  Extractor x2  
  58  4:26  Drone  
  58  4:27  Drone  
  60  4:33  Extractor, Drone  
  60  4:35  Drone  
  60  4:36  Drone  
  61  4:40  Zerg Missile Weapons Level 1, Drone  
  61  4:45  Overlord x2  
  62  4:46  Zergling x2  
  62  4:50  Zergling x2  
  62  4:51  Zergling x2, Roach Warren  
  62  4:52  Zergling x4  
  65  4:54  Zergling x2, Baneling x2  
  65  4:58  Zergling x2  
  64  5:01  Drone  
  64  5:02  Drone, Overlord  
  64  5:04  Drone  
  62  5:09  Drone  
  62  5:10  Drone  
  62  5:13  Drone  
  64  5:18  Drone  
  64  5:19  Drone  
  64  5:20  Lair  
  66  5:21  Queen  
  66  5:23  Drone x2  
  66  5:24  Drone  
  66  5:26  Drone  
  72  5:30  Drone  
  71  5:36  Drone  
  71  5:37  Drone  
  71  5:38  Drone x2  
  71  5:41  Drone  
  73  5:44  Drone  
  73  5:47  Extractor  
  71  5:50  Zergling x6  
  71  5:51  Zergling x2, Queen  
  71  5:52  Zergling x2  
  71  5:53  Zergling x2  
  79  5:57  Drone, Pneumatized Carapace  
  79  5:59  Zergling x2  
  79  6:00  Extractor  
  79  6:01  Hatchery  
  79  6:03  Zergling x2  
  80  6:07  Roach x3  
  80  6:08  Baneling, Roach  
  80  6:09  Baneling x2, Roach  
  89  6:21  Roach  
  89  6:22  Drone  
  89  6:28  Drone  
  89  6:32  Glial Reconstitution  
  87  6:33  Drone x2  
  87  6:35  Zerg Missile Weapons Level 2, Roach x2  
  87  6:39  Spire  
  89  6:41  Overlord  
  89  6:42  Overlord  
  89  6:44  Hatchery, Overlord  
  89  6:46  Overlord  
  88  6:47  Evolution Chamber  
  88  6:51  Overlord  
  88  6:52  Roach  
  89  7:00  Roach  
  89  7:01  Roach x7  
  105  7:03  Roach x2  
  105  7:06  Roach  
  105  7:07  Roach  
  113  7:09  Roach  
  113  7:10  Roach  
  113  7:12  Roach  
  113  7:15  Roach x2  
  121  7:17  Overlord  
  121  7:20  Zerg Ground Armor Level 1  
  121  7:23  Roach  
  121  7:27  Roach x3  
  129  7:30  Roach  
  129  7:32  Roach  
  129  7:33  Overlord  
  129  7:35  Roach  
  131  7:37  Roach  
  131  7:39  Roach x2  
  131  7:43  Roach  
  137  7:47  Roach x2  
  137  7:48  Roach x2  
  137  7:50  Roach  
  137  7:51  Roach  
  137  7:53  Roach  
  137  7:56  Roach x2  
  137  7:58  Roach  
  131  8:00  Roach  
  131  8:01  Roach  
  131  8:04  Roach  
  129  8:05  Roach  
  129  8:07  Drone x2  
  129  8:12  Mutalisk  
  133  8:14  Roach  
  133  8:15  Drone x2  
  139  8:20  Roach x3  
  139  8:21  Roach  
  139  8:26  Roach  
  147  8:27  Roach x2  
  151  8:36  Overlord  
  151  8:40  Overlord x3  
  151  8:45  Tunneling Claws  
  151  8:46  Overlord, Burrow  
  151  8:56  Roach  
  151  8:57  Roach  
  151  8:58  Roach  
  151  8:59  Roach x2  
  151  9:00  Roach  
  151  9:02  Roach x2  
  169  9:03  Roach  
  169  9:04  Roach  
  169  9:05  Roach  
  169  9:06  Overlord  
  169  9:07  Overlord  
  169  9:08  Roach  
  169  9:10  Roach  
  169  9:13  Roach  
  169  9:14  Roach x2  
  171  9:17  Roach  
  171  9:21  Roach  
  171  9:22  Roach x2  
  177  9:25  Roach  
  177  9:26  Zergling x8  
  177  9:28  Roach  
  185  9:35  Roach x4  
  193  9:44  Roach  
  193  9:45  Roach x2  
  199  9:48  Roach x9  
  199  9:51  Roach  
  199  9:53  Roach x37  
  197  10:08  Roach x4  
  197  10:09  Roach x2  
  197  10:10  Roach  
  199  10:15  Roach  
  199  10:16  Roach x2  
  199  10:19  Roach  
  195  10:23  Roach x2  
  195  10:24  Roach  
  195  10:26  Roach x2  
  195  10:27  Roach  
  195  10:28  Overseer x3  
  195  10:29  Roach x2  
  195  10:33  Roach  
  195  10:34  Infestation Pit, Extractor  
  195  10:35  Roach  
  189  10:36  Roach  
  189  10:37  Roach  
  189  10:38  Roach  
  189  10:39  Roach  
  189  10:41  Overseer  
  191  10:43  Spore Crawler  
  191  10:44  Zergling x2  
  191  10:45  Roach  
  191  10:46  Roach  
  191  10:47  Roach  
  195  10:50  Roach  
  195  10:51  Roach  
  195  10:52  Roach  
  195  10:53  Roach  
  195  10:56  Roach  
  179  10:57  Roach  
  179  10:59  Roach  
  179  11:01  Roach x2  
  179  11:03  Roach  
  179  11:04  Roach  
  179  11:06  Roach  
  179  11:07  Roach  
  179  11:10  Roach x2  
  183  11:12  Queen  
  183  11:13  Roach  
  183  11:15  Extractor, Roach  
  183  11:16  Roach  
  183  11:17  Roach  
  191  11:21  Roach  
  181  11:27  Roach  
  181  11:29  Roach  
  181  11:31  Roach x4  
  163  11:33  Roach x2  
  163  11:34  Roach  
  163  11:38  Roach x3  
  163  11:39  Roach  
  163  11:43  Roach  
  163  11:46  Roach x2  
  165  11:47  Hive  
  165  11:49  Overlord  
  165  11:54  Overlord  
  165  11:55  Roach  
  167  12:07  Roach  
  169  12:10  Overlord  
  169  12:11  Roach  
  168  12:20  Roach x8  
  168  12:21  Roach  
  173  12:23  Ravager x3  
  168  12:40  Roach x25  
  124  13:06  Roach Warren  
  124  13:10  Hatchery  
Tags
 
Add a new tag
Caveats
  • Supply blocks, unpowered buildings, or Contaminate may cause inaccurate times.
  • Supply counts are checked every 10 seconds.